[Event "Team 45 45 League T74"]
[Site "Internet Chess Club"]
[Date "2017.09.16"]
[Round "1"]
[White "Fianchettoed"]
[Black "WillC"]
[Result "0-1"]
[WhiteElo "1791"]
[BlackElo "1657"]
[Opening "Queen's gambit accepted"]
[ECO "D20"]
[Time "15:01:55"]
[TimeControl "2700+45"]

1. d4 d5 2. c4 dxc4 3. Nc3 Nf6 4. e4 e6 5. Bxc4 Be7 6. Nf3 O-O 7. O-O b6 8. Qe2
Bb7 9. Rd1 c6 10. e5 Nd5 11. Ne4 Nd7 12. Bg5 Bxg5 13. Nfxg5 Qe7 14. Qh5 h6 15.
Nh3 f6 16. Nd6 Rab8 17. Rd3 c5 18. f4 cxd4 19. Rxd4 fxe5 20. fxe5 Ba8 21. Qg6
Nxe5 22. Qe4 Qxd6 23. Re1 Nxc4 24. Rxc4 Nf4 25. Qe3 Nxh3+ 26. Qxh3 e5 27. Rec1
e4 28. Rc7 Qf6 29. Qe3 Qxb2 30. Rxa7 Rb7 31. Ra3 Rd7 32. Qb3+ Qxb3 33. Rxb3 Rd6
34. a4 Re6 35. Re1 Rg6 36. Ree3 Rd8 37. h3 Rd2 38. g4 h5 {White resigns} 0-1

[Event "Team 45 45 League T74"]
[Site "Internet Chess Club"]
[Date "2017.09.20"]
[Round "1"]
[White "Mitochondria"]
[Black "Zugzwanged"]
[Result "0-1"]
[WhiteElo "1569"]
[BlackElo "1683"]
[Opening "Nimzo-Indian: Sämisch variation"]
[ECO "E24"]
[Time "20:05:27"]
[TimeControl "2700+45"]

1. d4 Nf6 2. c4 e6 3. Nc3 Bb4 4. a3 Bxc3+ 5. bxc3 c5 6. Nf3 O-O 7. Bg5 h6 8. Bh4
Qa5 9. Qb3 Ne4 10. Rc1 cxd4 11. Nxd4 Qh5 12. Be7 Re8 13. Nb5 Na6 14. Nd6 Rxe7
15. Nxe4 Qe5 16. Ng3 Nc5 17. Qb1 b6 18. e3 Bb7 19. Qc2 f5 20. Ne2 Be4 21. Qa2
Nd3+ 22. Kd1 Nxf2+ 23. Ke1 Nxh1 {White resigns} 0-1

[Event "Team 45 45 League T74"]
[Site "Internet Chess Club"]
[Date "2017.09.15"]
[Round "1"]
[White "bookseller"]
[Black "JohLeb"]
[Result "0-1"]
[WhiteElo "1692"]
[BlackElo "1557"]
[Opening "Sicilian: Labourdonnais-Löwenthal variation"]
[ECO "B32"]
[Time "13:06:55"]
[TimeControl "2700+45"]

1. e4 c5 2. Nf3 Nc6 3. d4 cxd4 4. Nxd4 e5 5. Nb5 Nf6 6. Nd6+ Bxd6 7. Qxd6 Nxe4
8. Qd5 Qa5+ 9. Qxa5 Nxa5 10. f3 Nf6 11. Bd3 Nc6 12. O-O d6 13. Na3 Be6 14. Nb5
O-O 15. Nxd6 b6 16. Ne4 Nxe4 17. Bxe4 Rac8 18. c3 Rfd8 19. Be3 f5 20. Bxc6 Rxc6
21. Rfd1 Rxd1+ 22. Rxd1 f4 23. Bc1 Kf7 24. Kf2 g5 25. h3 h5 26. Rd2 Rc7 27. b3
Rxc3 28. Bb2 Rc5 29. Re2 Kf6 30. g4 fxg3+ 31. Kxg3 h4+ 32. Kg2 Kf5 33. Ba3 Rd5
34. Rc2 a5 35. Be7 b5 36. Re2 Rd4 37. Bc5 Rd3 38. Bb6 Bd5 39. Rf2 a4 40. bxa4
bxa4 41. Bc5 Kg6 42. Be7 e4 43. fxe4 Bxe4+ 44. Kh2 Rd1 45. Rg2 Bxg2 46. Kxg2 Kf5
47. a3 Rd3 48. Bc5 g4 49. hxg4+ Kxg4 50. Bb4 Rg3+ 51. Kh2 h3 52. Bd6 Rg2+ 53.
Kh1 Kf3 54. Bb4 h2 55. Bc5 Rc2 56. Bd6 Kg4 57. Bxh2 Kf3 58. Bd6 Ke3 59. Kg1 Kd3
60. Kf1 Kc3 61. Ke1 Kb3 62. Kd1 Rc4 63. Bf8 Rf4 64. Be7 Kb2 65. Bc5 Rc4 66. Bf8
Rd4+ 67. Ke2 Kb3 68. Bc5 Rd5 69. Bf8 Kc2 70. Bb4 Re5+ 71. Kf2 Kb2 72. Kf3 Rb5
73. Be7 Rb3+ 74. Ke2 Rxa3 75. Kd2 Rb3 {White resigns} 0-1

[Event "Team 45 45 League T74"]
[Site "Internet Chess Club"]
[Date "2017.09.18"]
[Round "1"]
[White "Scorpius"]
[Black "Megasus"]
[Result "1/2-1/2"]
[WhiteElo "1357"]
[BlackElo "1464"]
[Opening "Sicilian: Alapin's variation (2.c3)"]
[ECO "B22"]
[Time "20:30:41"]
[TimeControl "2700+45"]

1. e4 c5 2. c3 Nc6 3. Nf3 a6 4. d4 cxd4 5. cxd4 d5 6. e5 h6 7. h3 e6 8. a3 Qa5+
9. Bd2 Bb4 10. Nc3 Be7 11. Bd3 Qb6 12. Be3 Qxb2 13. Na4 Qxa3 14. Rxa3 Bxa3 15.
O-O b5 16. Nb6 Rb8 17. Nxc8 Rxc8 18. Qb3 Bb4 19. Ra1 a5 20. Bxb5 Ne7 21. Bd2 O-O
22. Bxc6 Nxc6 23. Bxb4 axb4 24. Ra6 Rc7 25. Rxc6 Rxc6 26. Qxb4 Rfc8 27. Kh2 Rc2
28. Qb7 R2c7 29. Qb5 Rc2 30. Kg3 R2c3 31. Kg4 g6 32. h4 Rc2 33. Qb7 R2c7 34. Qb5
Rc2 35. Qb7 R2c7 36. Qb5 Rc2 {Game drawn by repetition} 1/2-1/2

[Event "Team 45 45 League T74"]
[Site "Internet Chess Club"]
[Date "2017.09.17"]
[Round "1"]
[White "cool64chess"]
[Black "cityprosecutor"]
[Result "1-0"]
[WhiteElo "1979"]
[BlackElo "1696"]
[Opening "Benkö gambit"]
[ECO "A57"]
[Time "21:08:08"]
[TimeControl "2700+45"]

1. d4 Nf6 2. c4 c5 3. d5 b5 4. Qc2 Na6 5. a3 b4 6. e4 d6 7. Bd2 Qb6 8. Nf3 g6 9.
Bd3 Bg7 10. O-O O-O 11. Re1 Ng4 12. Bg5 Re8 13. Nbd2 bxa3 14. Rxa3 Qxb2 15. Qa4
{Black resigns} 1-0

[Event "Team 45 45 League T74"]
[Site "Internet Chess Club"]
[Date "2017.09.17"]
[Round "1"]
[White "Hal2001"]
[Black "y3LL3r"]
[Result "0-1"]
[WhiteElo "1588"]
[BlackElo "1527"]
[Opening "Sicilian: closed"]
[ECO "B23"]
[Time "13:33:45"]
[TimeControl "2700+45"]

1. e4 c5 2. Nc3 d6 3. f4 Nc6 4. Nf3 g6 5. Bc4 Bg7 6. O-O Nf6 7. Qe1 Bg4 8. Bb5
Nd7 9. Bxc6 bxc6 10. d3 Rb8 11. e5 d5 12. h3 Bxf3 13. Rxf3 e6 14. Qf2 O-O 15. b3
Qa5 16. Bb2 c4 17. dxc4 Rfc8 18. h4 Bf8 19. h5 Bc5 20. Re3 d4 21. hxg6 hxg6 22.
Rd3 dxc3 {White resigns} 0-1

[Event "Team 45 45 League T74"]
[Site "Internet Chess Club"]
[Date "2017.09.14"]
[Round "1"]
[White "kanishka"]
[Black "elessar"]
[Result "0-1"]
[WhiteElo "1796"]
[BlackElo "1622"]
[Opening "Petrov: Nimzovich attack"]
[ECO "C42"]
[Time "09:01:44"]
[TimeControl "2700+45"]

1. e4 e5 2. Nf3 Nf6 3. Nxe5 d6 4. Nf3 Nxe4 5. Nc3 Nf6 6. d4 Be7 7. h3 Bf5 8. Be3
Ne4 9. Nd5 c6 10. Nxe7 Qxe7 11. Qe2 d5 12. O-O-O h6 13. Nd2 Nd6 14. g4 Bh7 15.
Bg2 Nd7 16. Rhe1 O-O-O 17. Qf3 Qf6 18. Qg3 Qg6 19. Ne4 Nxe4 20. Bxe4 Qxe4 21.
Rd2 Nb6 22. Rde2 Qg6 23. Bf4 Rhe8 24. Bb8 Na8 25. Bxa7 Kd7 26. Rxe8 Qxc2# {White
checkmated} 0-1

[Event "Team 45 45 League T74"]
[Site "Internet Chess Club"]
[Date "2017.09.18"]
[Round "1"]
[White "Constrictor"]
[Black "PsyMar"]
[Result "1-0"]
[WhiteElo "1490"]
[BlackElo "1219"]
[Opening "Vienna game"]
[ECO "C26"]
[Time "17:00:32"]
[TimeControl "2700+45"]

1. e4 e5 2. Nc3 Nf6 3. Bc4 c6 4. d3 d5 5. exd5 cxd5 6. Bb3 Bb4 7. Bd2 O-O 8. Nf3
Nc6 9. O-O Bg4 10. Re1 d4 11. Ne4 Nxe4 12. Rxe4 Bxf3 13. gxf3 Bxd2 14. Qxd2 Kh8
15. Rg4 Rc8 16. Kh1 a5 17. Rag1 Qf6 18. Bd5 h5 19. Rg5 g6 20. Be4 Nb4 21. Rxg6
fxg6 22. Rxg6 Qxg6 23. Bxg6 Rf4 24. c3 Nxa2 25. cxd4 Rc1+ 26. Kg2 Kg7 27. dxe5
Rb4 28. Qg5 Rc7 29. Bxh5+ Kf8 30. Qd8+ {Black resigns} 1-0

[Event "Team 45 45 League T74"]
[Site "Internet Chess Club"]
[Date "2017.09.14"]
[Round "1"]
[White "jonesey"]
[Black "LittleButton"]
[Result "1/2-1/2"]
[WhiteElo "1887"]
[BlackElo "1897"]
[Opening "Sicilian defense"]
[ECO "B20"]
[Time "18:04:13"]
[TimeControl "2700+45"]

1. e4 c5 2. c4 Nc6 3. Nc3 g6 4. g3 d6 5. Bg2 Bg7 6. Nge2 Nf6 7. d3 a6 8. a3 Rb8
9. Rb1 O-O 10. O-O b5 11. cxb5 axb5 12. b4 cxb4 13. axb4 Bd7 14. h3 Qb6 15. Be3
Qb7 16. d4 e5 17. d5 Ne7 18. Ra1 Ra8 19. Qb3 Rxa1 20. Rxa1 Ra8 21. Ra5 Ne8 22.
Qa2 Nc7 23. Rxa8+ Qxa8 24. Qxa8+ Nxa8 25. Nc1 Nc8 26. Bf1 Nc7 27. Nb3 f5 28. f3
Kf7 29. Na5 f4 30. Bf2 fxg3 31. Bxg3 Bh6 32. Nc6 Be3+ 33. Bf2 Bxf2+ 34. Kxf2 Nb6
35. Nxb5 Nxb5 36. Bxb5 Bxh3 37. Kg3 Bc8 38. Na5 Ke7 39. Nc4 Nxc4 40. Bxc4 Kd8
41. Kh4 h6 42. Bb5 Bd7 43. Bc6 Bxc6 44. dxc6 Kc7 45. b5 Kb6 46. Kg4 Kc7 47. f4
exf4 48. Kxf4 h5 49. Kg5 Kb6 50. Kh4 Kc7 51. Kg5 Kb6 52. Kh4 Kc7 53. Kg5 {Game
drawn by repetition} 1/2-1/2

[Event "Team 45 45 League T74"]
[Site "Internet Chess Club"]
[Date "2017.09.16"]
[Round "1"]
[White "ChessHouston"]
[Black "fledermaus"]
[Result "0-1"]
[WhiteElo "1684"]
[BlackElo "1801"]
[Opening "Sicilian: Anderssen variation"]
[ECO "B41"]
[Time "10:14:51"]
[TimeControl "2700+45"]

1. e4 c5 2. Nf3 e6 3. d4 cxd4 4. Nxd4 Nf6 5. Bd3 Nc6 6. c3 d5 7. Nd2 Bc5 8. Nxc6
bxc6 9. e5 Nd7 10. Nf3 Qb6 11. Qe2 a5 12. O-O Ba6 13. b3 Bxd3 14. Qxd3 Qc7 15.
Re1 Be7 16. Bb2 O-O 17. c4 Nc5 18. Qe2 Ne4 19. cxd5 cxd5 20. Rac1 Qb7 21. Bd4
Bb4 22. Red1 Rfc8 23. Qe3 Ba3 24. Ra1 Rc2 25. Qd3 Rac8 26. Ne1 R2c6 27. f3 Nc3
28. Rd2 Nb5 29. Nc2 Rxc2 30. Rxc2 Rxc2 31. Qxc2 Nxd4 32. Qd3 Qb6 33. Kf1 h6 34.
Rd1 {White resigns} 0-1

[Event "Team 45 45 League T74"]
[Site "Internet Chess Club"]
[Date "2017.09.14"]
[Round "1"]
[White "LookImYourVader"]
[Black "WillC"]
[Result "1-0"]
[WhiteElo "1778"]
[BlackElo "1633"]
[Opening "Caro-Kann: exchange variation"]
[ECO "B13"]
[Time "16:01:28"]
[TimeControl "2700+45"]

1. e4 c6 2. d4 d5 3. exd5 Qxd5 4. c4 Qa5+ 5. Bd2 Qb6 6. Bc3 Nf6 7. Nd2 Bf5 8.
Qf3 e6 9. Ne2 Be7 10. Ng3 Bg6 11. h4 h6 12. Nde4 Nbd7 13. Bd3 Nxe4 14. Nxe4 Bxe4
15. Qxe4 Nf6 16. Qf4 Bb4 17. O-O O-O 18. g4 Bxc3 19. bxc3 Qa5 20. g5 hxg5 21.
hxg5 Nh5 22. Qg4 g6 23. Rac1 Qxa2 24. Rc2 Qa5 25. f4 Qc7 26. Rh2 Rfe8 27. Rf3
Qd6 28. Rxh5 gxh5 29. Qxh5 Kf8 30. g6 fxg6 31. Bxg6 Ke7 32. Qh7+ Kd8 33. Bxe8
Kxe8 34. Rg3 {Black resigns} 1-0

[Event "Team 45 45 League T74"]
[Site "Internet Chess Club"]
[Date "2017.09.16"]
[Round "1"]
[White "nealbruce"]
[Black "ChessRooklift"]
[Result "1-0"]
[WhiteElo "1665"]
[BlackElo "1712"]
[Opening "Scotch game"]
[ECO "C45"]
[Time "11:30:52"]
[TimeControl "2700+45"]

1. e4 Nc6 2. d4 e5 3. Nf3 exd4 4. Nxd4 Bc5 5. Be3 Qf6 6. c3 Nxd4 7. cxd4 Bb4+ 8.
Nc3 Bxc3+ 9. bxc3 d6 10. Bd3 Ne7 11. O-O Ng6 12. f4 O-O 13. e5 dxe5 14. fxe5 Qc6
15. Qc2 Bd7 16. Rab1 Rab8 17. Be4 Qa6 18. g3 Bb5 19. Rf2 Bc4 20. h4 h6 21. h5
Ne7 22. g4 Nd5 23. Bd2 Qe6 24. Bf5 Qa6 25. g5 Qxa2 26. Rb2 Qa1+ 27. Kh2 hxg5 28.
Bxg5 Qe1 29. Rb1 Qxc3 30. Qxc3 Nxc3 31. Rc1 g6 32. Rxc3 Bd5 33. Bg4 f5 34. Be2
gxh5 35. Rxc7 Rbc8 36. Rxc8 Rxc8 37. Bxh5 Rc1 38. Bxc1 {Black resigns} 1-0

[Event "Team 45 45 League T74"]
[Site "Internet Chess Club"]
[Date "2017.09.17"]
[Round "1"]
[White "passedpawn"]
[Black "SlimeDog2"]
[Result "0-1"]
[WhiteElo "1840"]
[BlackElo "2002"]
[Opening "King's Indian: London system"]
[ECO "A48"]
[Time "20:07:55"]
[TimeControl "2700+45"]

1. d4 Nf6 2. Nf3 g6 3. Bf4 Bg7 4. h3 d6 5. e3 O-O 6. Be2 Nbd7 7. O-O Qe8 8. c4
e5 9. Bh2 Qe7 10. Nc3 b6 11. Rc1 Bb7 12. a3 Rfe8 13. b4 Ne4 14. Nb5 Qd8 15. Re1
f5 16. dxe5 dxe5 17. Qb3 c6 18. c5+ Kh8 19. Nd6 Nxd6 20. cxd6 Qf6 21. Red1 f4
22. Bf1 Rad8 23. exf4 exf4 24. Nd4 c5 25. Nb5 f3 26. Nc7 fxg2 27. Bxg2 Re2 28.
Bg3 Bxg2 29. Kxg2 Rf8 30. Qd5 Rxf2+ 31. Bxf2 Qxf2+ 32. Kh1 Rf3 33. Rd3 Be5 34.
Qa8+ Kg7 35. Ne8+ Kh6 36. Qxf3 Qh2# {White checkmated} 0-1

[Event "Team 45 45 League T74"]
[Site "Internet Chess Club"]
[Date "2017.09.15"]
[Round "1"]
[White "cysk"]
[Black "suicidepawn"]
[Result "1/2-1/2"]
[WhiteElo "1736"]
[BlackElo "1803"]
[Opening "Caro-Kann: advance variation"]
[ECO "B12"]
[Time "23:01:37"]
[TimeControl "2700+45"]

1. e4 c6 2. d4 d5 3. e5 c5 4. Nf3 Nc6 5. c4 cxd4 6. Nxd4 e6 7. Nc3 Bb4 8. Nxc6
bxc6 9. Bd2 Ne7 10. Be2 O-O 11. a3 Bc5 12. Bg5 Qd7 13. Na4 Bb6 14. Nxb6 axb6 15.
Be3 c5 16. O-O d4 17. Bf4 Bb7 18. Re1 Ng6 19. Bg3 Rfd8 20. Bd3 Ra7 21. Qb3 Qc6
22. f3 Ba8 23. Qc2 Rad7 24. h4 Nf8 25. h5 f5 26. exf6 gxf6 27. Bf4 f5 28. Be5
Rf7 29. Qf2 Rg7 30. Bxg7 Kxg7 31. Qg3+ Kf7 32. Qg5 Rd7 33. Bxf5 exf5 34. Qxf5+
Qf6 35. Qxf6+ Kxf6 36. Re8 Bc6 37. Rxf8+ Kg5 38. g4 d3 39. Rd1 d2 40. Kf2 Ba4
41. Ke2 Bxd1+ 42. Kxd1 Rd4 43. Rf5+ Kh4 44. Rd5 Rxc4 45. Rxd2 Kg3 46. Rd3 Rf4
47. Ke2 Rf6 {Game drawn by mutual agreement} 1/2-1/2

[Event "Team 45 45 League T74"]
[Site "Internet Chess Club"]
[Date "2017.09.17"]
[Round "1"]
[White "Tobiasdelmonte"]
[Black "AVEMARIA"]
[Result "1-0"]
[WhiteElo "1568"]
[BlackElo "1642"]
[Opening "QGD Slav: Slav gambit"]
[ECO "D15"]
[Time "10:03:48"]
[TimeControl "2700+45"]

1. d4 d5 2. c4 c6 3. Nf3 Nf6 4. Nc3 dxc4 5. e4 b5 6. Bg5 b4 7. Bxf6 exf6 8. Na4
Qa5 9. Bxc4 b3+ 10. Nc3 Bb4 11. Qxb3 O-O 12. O-O Ba6 13. a3 Bxc3 14. bxc3 Nd7
15. Bxa6 Qxa6 16. Rfb1 Rab8 17. Qa2 Qd3 18. Rxb8 Rxb8 19. e5 fxe5 20. dxe5 Re8
21. Qb3 Nc5 22. Qb4 Ne4 23. c4 h6 24. h3 Qe2 25. Qe1 Qxc4 26. Rc1 Qd5 27. Rd1
Qc4 28. Rd4 {Black resigns} 1-0

[Event "Team 45 45 League T74"]
[Site "Internet Chess Club"]
[Date "2017.09.15"]
[Round "1"]
[White "kutch"]
[Black "az2112"]
[Result "1-0"]
[WhiteElo "1566"]
[BlackElo "1656"]
[Opening "QGD Slav defense"]
[ECO "D10"]
[Time "21:01:17"]
[TimeControl "2700+45"]

1. d4 d5 2. c4 c6 3. Nc3 Nf6 4. e3 Bf5 5. Nf3 e6 6. Qb3 Qc7 7. Bd2 Nbd7 8. Rc1
dxc4 9. Qxc4 Nb6 10. Qb3 a6 11. Ne2 Nbd5 12. Ng3 Bg4 13. Ne5 Be7 14. Nxg4 Nxg4
15. h3 Ngf6 16. Bd3 Rb8 17. O-O O-O 18. e4 Nf4 19. Bb1 Rfd8 20. Qe3 Ng6 21. f4
Bf8 22. f5 exf5 23. Nxf5 Ne7 24. Rc5 b6 25. Nxe7+ Bxe7 26. Rcf5 Re8 27. Qf3 Rbd8
28. e5 Rxd4 29. exf6 Bc5 30. Rxc5 bxc5 31. fxg7 Rxd2 32. Qh5 f5 33. Qxe8+ Kxg7
34. Qe3 Rxb2 35. Qc3+ {Black resigns} 1-0

[Event "Team 45 45 League T74"]
[Site "Internet Chess Club"]
[Date "2017.09.17"]
[Round "1"]
[White "ChessMaine"]
[Black "Electryon"]
[Result "1-0"]
[WhiteElo "1505"]
[BlackElo "1471"]
[Opening "Queen's pawn game"]
[ECO "D00"]
[Time "20:00:44"]
[TimeControl "2700+45"]

1. d4 d5 2. e3 Bf5 3. Bd3 e6 4. Nf3 Nf6 5. O-O Bd6 6. c4 c6 7. Bxf5 exf5 8. cxd5
Nxd5 9. Qd3 Qf6 10. e4 fxe4 11. Qxe4+ Qe7 12. Qg4 O-O 13. Re1 Qd7 14. Qe4 Na6
15. Ng5 Nf6 16. Qd3 Nb4 17. Qb3 Nbd5 18. Na3 Rae8 19. Bd2 Rxe1+ 20. Rxe1 Re8 21.
Nc4 Rxe1+ 22. Bxe1 Bf4 23. Nf3 b6 24. Nce5 Bxe5 25. dxe5 Ne8 26. Nd4 c5 27. Nb5
a6 28. Nd6 Nxd6 29. Qxd5 Qe6 30. Qxe6 fxe6 31. exd6 Kf8 32. Bc3 g6 33. Bf6 Ke8
34. Be5 Kd7 35. Kf1 c4 36. Ke2 b5 37. Kd2 b4 38. Bf4 a5 39. a3 c3+ 40. bxc3 bxa3
41. c4 a2 42. Be5 a1=Q 43. Bxa1 Kxd6 44. Bc3 Kc5 45. Bxa5 Kxc4 46. Ke3 Kd5 47.
Kf4 h6 48. Bd8 e5+ 49. Kg4 Ke6 50. h4 Kf7 51. Bc7 Ke6 52. Kf3 Kd5 53. g4 h5 54.
gxh5 gxh5 55. Ke3 Ke6 56. Ke4 Kf6 57. Bxe5+ Kg6 58. Kf4 Kh7 59. Kg5 {Black
resigns} 1-0

[Event "Team 45 45 League T74"]
[Site "Internet Chess Club"]
[Date "2017.09.19"]
[Round "1"]
[White "Visin"]
[Black "seattleblues"]
[Result "0-1"]
[WhiteElo "1118"]
[BlackElo "1304"]
[Opening "Caro-Kann: classical variation"]
[ECO "B18"]
[Time "05:00:36"]
[TimeControl "2700+45"]

1. e4 c6 2. d4 d5 3. Nc3 dxe4 4. Nxe4 Bf5 5. Ng3 Bg6 6. Nf3 Nf6 7. Bc4 e6 8. Bg5
Nbd7 9. Qd2 Bd6 10. Bd3 Bxd3 11. Qxd3 h6 12. Bd2 Qc7 13. Ne4 Nxe4 14. Qxe4 Nf6
15. Qe2 O-O 16. O-O-O c5 17. Bc3 Nd5 18. Bd2 cxd4 19. Nxd4 Rac8 20. c3 a6 21.
Kb1 b5 22. g3 b4 23. Rc1 bxc3 24. Bxc3 Qb6 25. Ka1 Nxc3 26. bxc3 Qa5 27. Qc2 Ba3
28. Rb1 Rxc3 29. Qe2 Rfc8 30. Nb3 Qf5 31. Nd4 Qf6 32. Rhd1 Rc2 33. Qxa6 Bf8 34.
a4 Ba3 35. f4 Rd8 36. Qd3 Rxh2 37. Qxa3 Rxd4 38. Rxd4 Qxd4+ 39. Rb2 Rxb2 40.
Qxb2 Qxa4+ 41. Kb1 Qd1+ 42. Ka2 Qd5+ 43. Kb1 Qf3 44. Qh2 Qb3+ 45. Kc1 Qa3+ 46.
Kd1 Qa1+ 47. Ke2 Qa2+ {White resigns} 0-1

[Event "Team 45 45 League T74"]
[Site "Internet Chess Club"]
[Date "2017.09.19"]
[Round "1"]
[White "Conjurer"]
[Black "sdcohle"]
[Result "0-1"]
[WhiteElo "1215"]
[BlackElo "1408"]
[Opening "Queen's pawn: London system"]
[ECO "A45"]
[Time "20:04:04"]
[TimeControl "2700+45"]

1. d4 Nf6 2. Bf4 d6 3. h3 g6 4. e3 Bg7 5. Nf3 O-O 6. c4 Re8 7. Bd3 Nbd7 8. O-O
e5 9. dxe5 dxe5 10. Bh2 e4 11. Bc2 exf3 12. Qxf3 Nc5 13. Nc3 Be6 14. Rfd1 Qe7
15. Nb5 Rec8 16. Qe2 Ne8 17. Rab1 c6 18. Nd4 Bd7 19. b3 Rd8 20. b4 Ne4 21. Rb3
c5 22. Bxe4 Qxe4 23. bxc5 Ba4 24. c6 Bxb3 25. axb3 bxc6 26. c5 Bxd4 {White
resigns} 0-1

[Event "Team 45 45 League T74"]
[Site "Internet Chess Club"]
[Date "2017.09.15"]
[Round "1"]
[White "creativechesski"]
[Black "tuotuo123"]
[Result "0-1"]
[WhiteElo "1379"]
[BlackElo "1471"]
[Opening "Sicilian: Najdorf, Opocensky variation"]
[ECO "B92"]
[Time "22:30:23"]
[TimeControl "2700+45"]

1. e4 c5 2. Nf3 d6 3. d4 cxd4 4. Nxd4 Nf6 5. Nc3 a6 6. Be2 e5 7. Nb3 Be7 8. O-O
O-O 9. Be3 Be6 10. Qd2 Nbd7 11. f3 Qc7 12. Nd5 Nxd5 13. exd5 Bf5 14. Bd3 Bxd3
15. Qxd3 Nf6 16. f4 e4 17. Qd2 Rac8 18. c3 Qc4 19. Rad1 Ng4 20. h3 Nxe3 21. Qxe3
Bf6 22. Qb6 Qe2 23. Rd2 Qb5 24. Qxb5 axb5 25. Nd4 e3 26. Rd3 Bxd4 27. Rxd4 Rfe8
28. Re1 Re7 29. Rd3 Rce8 30. Kf1 Re4 31. g3 h5 32. h4 f6 33. Kg2 b4 34. Kf3 e2
35. Rd2 Re3+ 36. Kf2 bxc3 37. bxc3 Rxc3 38. Rexe2 Rxe2+ 39. Rxe2 Rd3 40. Re7
Rxd5 41. Rxb7 Rd2+ 42. Kf1 Rxa2 43. Rd7 Rd2 44. Ke1 Rd3 45. Kf2 d5 46. Ke2 Rxg3
47. Rxd5 Rg4 48. Rxh5 g6 49. Ra5 Rxf4 50. h5 g5 51. Ra7 Rh4 52. Ra8+ Kg7 53.
Ra7+ Kh6 54. Rf7 Rf4 55. Ke3 Kxh5 56. Ra7 Kg4 57. Ra1 Rf3+ 58. Ke2 Rg3 59. Rf1
Rg2+ 60. Ke3 f5 61. Kd4 f4 62. Ke4 Re2+ 63. Kd3 f3 64. Rh1 Rg2 65. Ke3 f2 66.
Rf1 Kg3 67. Ke2 g4 68. Ke3 Kh2 69. Ke2 g3 70. Kf3 Rg1 71. Rxf2+ gxf2 72. Kxf2
Rg2+ 73. Kf3 Kh3 74. Kf4 Rg3 75. Ke4 Kg4 76. Ke5 Rf3 77. Ke4 Kg3 78. Ke5 Rf4 79.
Ke6 Kg4 80. Ke5 Kg5 81. Ke6 Rf5 82. Ke7 Rf6 83. Ke8 Kg6 84. Kd7 Kf7 85. Kd8 Re6
86. Kd7 Kf6 87. Kc7 Ke7 88. Kc8 Rd6 89. Kc7 Ke6 90. Kb7 Kd7 91. Kb8 Rc6 92. Kb7
Kd6 93. Kb8 Rc7 94. Ka8 Kc6 95. Kb8 Rh7 96. Ka8 Kb6 97. Kb8 Rh8# {White
checkmated} 0-1

[Event "Team 45 45 League T74"]
[Site "Internet Chess Club"]
[Date "2017.09.15"]
[Round "1"]
[White "kwen2008"]
[Black "jadencheung"]
[Result "1-0"]
[WhiteElo "1606"]
[BlackElo "1367"]
[Opening "Ruy Lopez: 5.O-O"]
[ECO "C78"]
[Time "22:32:40"]
[TimeControl "2700+45"]

1. e4 e5 2. Nf3 Nc6 3. Bb5 a6 4. Ba4 Nf6 5. O-O b5 6. Bb3 Bc5 7. Nxe5 Nxe5 8. d4
Bxd4 9. Qxd4 d6 10. a4 Nc6 11. Qd1 Bd7 12. Bg5 h6 13. Bh4 O-O 14. Nc3 Ne5 15.
Nd5 Ng6 16. Nxf6+ gxf6 17. Bg3 Re8 18. Re1 Qc8 19. Qd2 Kg7 20. Rad1 bxa4 21. Ba2
Rb8 22. b3 Be6 23. Qc3 Qb7 24. Rb1 axb3 25. Bxb3 Bxb3 26. Rxb3 Qc8 27. Rxb8 Qxb8
28. Qc6 Re7 29. Qxa6 f5 30. Qa1+ Kh7 31. exf5 Rxe1+ 32. Qxe1 Ne5 33. h3 f6 34.
Kh2 Qb2 35. Bxe5 Qxe5+ 36. Qxe5 fxe5 37. Kg3 Kg7 38. Kg4 c5 39. c4 Kf6 40. Kh5
Kxf5 41. g4+ Ke4 42. Kxh6 Kd4 43. g5 Kxc4 44. g6 Kd4 45. g7 c4 46. g8=Q c3 47.
Qg4+ Kd3 48. Qd1+ Kc4 49. Qc2 d5 50. h4 d4 51. h5 d3 52. Qa4+ Kd5 53. Qb5+ Kd4
54. Qb4+ Kd5 55. Qxc3 e4 56. Kg6 e3 57. Qxd3+ Ke6 58. Qxe3+ Kd7 59. Qe5 Kd8 60.
Qg7 Ke8 61. h6 Kd8 62. h7 Ke8 63. h8=Q# {Black checkmated} 1-0

[Event "Team 45 45 League T74"]
[Site "Internet Chess Club"]
[Date "2017.09.14"]
[Round "1"]
[White "leoshi"]
[Black "dinosaurchess"]
[Result "0-1"]
[WhiteElo "1196"]
[BlackElo "1341"]
[Opening "Ruy Lopez: 5.O-O"]
[ECO "C78"]
[Time "22:04:11"]
[TimeControl "2700+45"]

1. e4 e5 2. Nf3 Nc6 3. Bb5 a6 4. Ba4 Nf6 5. O-O b5 6. Bb3 Bc5 7. a4 Bb7 8. c3 d6
9. d4 Bb6 10. a5 Nxa5 11. dxe5 Nxe4 12. exd6 Qxd6 13. Qxd6 cxd6 14. Bc2 O-O 15.
b4 Nc4 16. Na3 Nxc3 17. Nxc4 bxc4 18. Be3 Bxe3 19. fxe3 Nd5 20. Be4 f5 21. Bxd5+
Bxd5 22. Nd4 g6 23. Ra5 Be4 24. Rfa1 Bb7 25. g3 Rfe8 26. Kf2 Rac8 27. Rc1 Re5
28. Rxe5 dxe5 29. Nf3 Bxf3 30. Kxf3 Kf7 31. e4 fxe4+ 32. Kxe4 Ke6 33. g4 h6 34.
h4 Rc7 35. h5 g5 36. Rc3 Rc6 37. Rc2 Rc7 38. Rc3 Rc8 39. Rc2 Rc6 40. Rc3 Rc7 41.
Rc2 c3 42. Kd3 Kd5 43. Rxc3 Rxc3+ 44. Kxc3 Ke4 45. Kd2 Kf3 46. Kd3 e4+ 47. Kd2
Kf2 {White resigns} 0-1

[Event "Team 45 45 League T74"]
[Site "Internet Chess Club"]
[Date "2017.09.13"]
[Round "1"]
[White "skywise"]
[Black "Newbao"]
[Result "0-1"]
[WhiteElo "1514"]
[BlackElo "1284"]
[Opening "Ruy Lopez: 5.O-O"]
[ECO "C78"]
[Time "22:30:20"]
[TimeControl "2700+45"]

1. e4 e5 2. Nf3 Nc6 3. Bb5 a6 4. Ba4 Nf6 5. O-O b5 6. Bb3 Bc5 7. a4 Rb8 8. c3 d6
9. d4 Bb6 10. a5 Ba7 11. Nbd2 O-O 12. Re1 exd4 13. cxd4 Nxd4 14. Nxd4 Bxd4 15.
Nf3 Bc5 16. h3 Re8 17. Bg5 h6 18. Bh4 Bb7 19. e5 Bxf3 20. Qxf3 dxe5 21. Rad1 Qe7
22. Qc6 Bb4 23. Re2 Bxa5 24. Rd7 Qxd7 {White resigns} 0-1

[Event "Team 45 45 League T74"]
[Site "Internet Chess Club"]
[Date "2017.09.13"]
[Round "1"]
[White "ivanson"]
[Black "Ajolote"]
[Result "0-1"]
[WhiteElo "1763"]
[BlackElo "1820"]
[Opening "Sicilian: Alapin's variation (2.c3)"]
[ECO "B22"]
[Time "14:15:12"]
[TimeControl "2700+45"]

1. e4 c5 2. c3 Nf6 3. e5 Nd5 4. d4 cxd4 5. Nf3 g6 6. cxd4 Bg7 7. Be2 O-O 8. Nc3
Nxc3 9. bxc3 d5 10. O-O Nc6 11. Ba3 Qa5 12. Qb3 Bf5 13. Bb4 Nxb4 14. cxb4 Qd8
15. Nd2 Bh6 16. f4 Qb6 17. Qb2 Rac8 18. Rac1 Rxc1 19. Rxc1 Bxf4 20. g4 Be3+ 21.
Kg2 Bxd4 22. Qb3 Be6 {White resigns} 0-1

[Event "Team 45 45 League T74"]
[Site "Internet Chess Club"]
[Date "2017.09.14"]
[Round "1"]
[White "fireball"]
[Black "QuieroAprender"]
[Result "1-0"]
[WhiteElo "1569"]
[BlackElo "1593"]
[Opening "Four knights: Italian variation"]
[ECO "C28"]
[Time "19:31:50"]
[TimeControl "2700+45"]

1. e4 e5 2. Nc3 Nc6 3. Bc4 Nf6 4. Nf3 Nxe4 5. Nxe4 d5 6. Bd3 dxe4 7. Bxe4 Nd4 8.
c3 f5 9. Nxd4 exd4 10. Bf3 Qe7+ 11. Qe2 Qxe2+ 12. Kxe2 Be6 13. Bxb7 Rb8 14. Bc6+
Bd7 15. Bxd7+ Kxd7 16. cxd4 Bd6 17. b3 Rhe8+ 18. Kf3 Re4 19. g3 Rxd4 20. Bb2
Rxd2 21. Bxg7 Re8 22. Rhd1 Rde2 23. Bh6 R2e4 24. Be3 a5 25. Rd5 R4e5 26. Rad1
Kc6 27. Rxe5 Rxe5 28. Rc1+ Kb5 29. Rc4 c5 30. a4+ Kc6 31. Rh4 Rd5 32. Ke2 Re5
33. Rxh7 f4 34. gxf4 Re4 35. Kd3 Rb4 36. Kc2 Bxf4 37. Rh4 Bxe3 38. Rxb4 axb4 39.
fxe3 {Black resigns} 1-0